 Dungeon Crawl Stone Soup version 0.31-a0-876-gfe8ebadbca (webtiles) character file.

Game seed: 292849548319415733

41379 Xavori the Unseen (level 14, -3/102 HPs)
             Began as an Octopode Chaos Knight on Oct 14, 2023.
             Was a Plaything of Xom.
             Slain by a death yak (10 damage)
             ... while petrified by you
             ... on level 5 of the Lair of Beasts.
             The game lasted 00:21:47 (23973 turns).

Xavori the Unseen (Octopode Chaos Knight)          Turns: 23973, Time: 00:21:49

Health: -3/102     AC:  6    Str:  7    XL:     14   Next: 15%
Magic:  12/12      EV:  2    Int: 20    God:    Xom [.*....]
Gold:   1870       SH:  0    Dex: 25    Spells: 13/13 levels left

rFire   + . .        x - +7 quick blade (elec)
rCold   . . .        B - +2 kite shield {AC+3}
rNeg    + + +        P - +2 hat {Int+3}
rPois   ∞            (no amulet)
rElec   .            k - +5 ring of evasion
rCorr   +            v - ring of resist corrosion
SInv    .            C - ring of Hanocren {rPois Dex+3}
Will    ++...        O - ring of willpower
Stlth   ++++++++     (no ring)
HPRegen 0.37/turn    (no ring)
MPRegen 0.13/turn    (no ring)
                     (no ring)

%: no passive effects
@: agile, petrified
A: almost no armour, amphibious, 8 rings, camouflage 1, gelatinous body 1,
(nimble swimmer 1), tentacles, fangs 1, agile 2, clever 1, fire resistance 1,
low MP 1, mutation resistance 1, sense surroundings 2, robust 1, weak 1,
MP-powered wands
a: Renounce Religion


You were on level 5 of the Lair of Beasts.
You worshipped Xom.
You were a plaything of Xom.
You visited 2 branches of the dungeon, and saw 19 of its levels.
You also visited: Bailey.

You collected 1870 gold pieces.

Inventory:

Hand Weapons
 x - a +7 quick blade of electrocution (weapon)
Missiles
 a - a throwing net
Armour
 s - the +1 buckler of Peek-a-Boo {rF+ rN+ Regen+}
   (You found it on level 3 of the Dungeon)

   rF+:       It protects you from fire.
   rN+:       It protects you from negative energy.
   Regen+:    It increases your rate of health regeneration.
 B - a +2 kite shield of protection (worn)
 P - a +2 hat of intelligence (worn)
Jewellery
 f - a ring of wizardry
 k - a +5 ring of evasion (left tentacle)
 m - a ring of ice
 v - a ring of resist corrosion (right tentacle)
 C - the ring of Hanocren (on tentacle) {rPois Dex+3}
   (You found it on level 7 of the Dungeon)

   [ring of poison resistance]

   Dex+3:     It affects your dexterity (+3).
   rPois:     It protects you from poison
 M - a ring of wizardry
 O - a ring of willpower (on tentacle)
Talismans
 w - a serpent talisman
Wands
 d - a wand of acid (3)
 q - a wand of polymorph (10)
 y - a wand of roots (18)
 K - a wand of charming (11)
Scrolls
 b - a scroll of butterflies
 e - 4 scrolls of revelation {unknown}
 h - 2 scrolls of poison
 i - 3 scrolls of immolation
 j - 2 scrolls of brand weapon
 l - 2 scrolls of fear {unknown}
 o - 3 scrolls of amnesia {unknown}
 p - 3 scrolls of blinking
 r - 3 scrolls of enchant armour
 z - 4 scrolls of teleportation
 F - 2 scrolls of noise
 J - 4 scrolls of summoning
 N - 2 scrolls of identify
Potions
 c - 5 potions of invisibility
 g - a potion of mutation {unknown}
 n - 4 potions of might
 t - 3 potions of heal wounds
 u - 4 potions of haste {unknown}
 A - 3 potions of enlightenment
 D - 5 potions of curing
 E - 3 potions of magic {unknown}
 G - 2 potions of cancellation {unknown}
 H - a potion of experience {unknown}
 I - a potion of brilliance {unknown}
 L - 3 potions of lignification


   Skills:
 + Level 7.9 Fighting
 + Level 11.7 Short Blades
 + Level 9.3 Dodging
 + Level 15.3 Stealth
 + Level 7.8 Shields
 * Level 11.0 Evocations
 * Level 7.0 Shapeshifting


You had 13 spell levels left.
You didn't know any spells.
Your spell library contained the following spells:

 Spells                   Type           Power      Damage    Failure   Level
 Freeze                   Ice            0%         1d3       65%         1
 Ensorcelled Hibernation  Hex/Ice        0%         N/A       80%         2
 Passwall                 Tmut/Erth      0%         N/A       80%         2
 Sublimation of Blood     Necr           0%         N/A       80%         2
 Wereblood                Tmut           0%         N/A       80%         2
 Frozen Ramparts          Ice            0%         1d1       95%         3
 Hailstorm                Conj/Ice       0%         3d3       95%         3
 Ozocubu's Armour         Ice            0%         N/A       95%         3
 Stone Arrow              Conj/Erth      0%         3d7       95%         3
 Swiftness                Air            0%         N/A       95%         3
 Cause Fear               Hex            0%         N/A       100%        4
 Summon Lightning Spire   Summ/Air       0%         N/A       100%        4
 Fireball                 Conj/Fire      0%         3d3       100%        5
 Lee's Rapid Deconstruct  Erth           0%         3d4*      100%        5
 Ozocubu's Refrigeration  Ice            0%         4d7       100%        7
 Summon Hydra             Summ           0%         N/A       100%        7
 Lehudib's Crystal Spear  Conj/Erth      0%         10d2      100%        8
 Dragon's Call            Summ           0%         N/A       100%        9
 Animate Armour           Summ/Erth      Unusable   N/A       N/A         4

Dungeon Overview and Level Annotations

Branches:
Dungeon (14/15)            Temple (0/1) D:4            Lair (5/5) D:11
  Swamp (0/4) Lair:2       Spider (0/4) Lair:2          Orc (0/2) D:11
 Bailey (visited)
  Slime: Lair:4-5    Vaults: D:13-14

Altars:
Ashenzari
Elyvilon
Kikubaaqudgha
Qazlal
Xom
Yredelemnul

Shops:
D:4 *   D:8 :   D:9 (

Portals:
Abyss: D:7

Annotations:
D:4 Natasha
D:7 2 transporters, Shayle's ghost, novice DsEn
D:10 exclusion: orange crystal statue


Innate Abilities, Weirdness & Mutations

You cannot wear most types of armour.
You are amphibious.
You can wear up to eight rings at the same time.
Your skin changes colour to match your surroundings (Stealth+).
Your rubbery body absorbs attacks. (AC +1, EV +1)
((You are camouflaged when in or above water. (Stealth+)))
You have tentacles for arms and can constrict up to eight enemies at once.
You have very sharp teeth.
You are very agile. (Dex +8, Str/Int -2)
Your mind is acute. (Int +4, Str/Dex -1)
Your flesh is heat resistant. (rF+)
Your magical capacity is low. (-10% MP)
You are somewhat resistant to further mutation.
You passively map the area around you.
You are robust. (+10% HP)
You are weak. (Str -2)
You expend magic power (3 MP) to strengthen your wands.


Message History

The death yak bellows!
You have turned to stone.
You hear a bellow!
The death yak gores you!
You hear a bellow!
The death yak gores you!!
The death yak is engulfed in seething chaos.
The death yak suddenly seems more agile.
The death yak gores you!! The death yak gores you.
The water moccasin is engulfed in seething chaos.
The water moccasin suddenly seems more resistant.
The water moccasin bites you. The death yak gores you!
The water moccasin is engulfed in seething chaos.
The water moccasin seems to speed up.
The water moccasin completely misses you.
The death yak gores you!!
The water moccasin is engulfed in seething chaos.
The water moccasin seems to grow stronger.
The water moccasin bites you.
The water moccasin is engulfed in seething chaos.
The water moccasin bites you but does no damage.
The death yak gores you!
The death yak gores you but does no damage.
The water moccasin is engulfed in seething chaos.
The water moccasin bites you!
The water moccasin is engulfed in seething chaos.
The water moccasin evaporates and reforms as an acid dragon!
Xom thinks this is hilarious! x2
The acid dragon bites you. The acid dragon claws you. The death yak gores you!!
The death yak gores you!
* * * LOW HITPOINT WARNING * * *
The death yak gores you!
* * * LOW HITPOINT WARNING * * *
The death yak gores you!!
* * * LOW HITPOINT WARNING * * *
The death yak gores you!
* * * LOW HITPOINT WARNING * * *
The death yak gores you!!
You die...
Xom titters!

...#............
*##.#..#......... ,*
. ............. ,*
.............. , ,
.... , , .....
######Y..... , * ,
###### #P.YD†......
,,, , ,
#....####.@YY......
,, ,
##....P#..YY.......
,
#.#........S.......
,, ,
##.#......#........,
, ##.PP.............
,,, ,
#P.P..............
,,
##..PP....#.....P.
,, ,
##..P.....#.....
##....#P....., , , ,


You could see 6 death yaks, a black mamba and an acid dragon.

Vanquished Creatures
  Gastronok (Lair:3)
  A dire elephant (Lair:2)
  Snorg (Lair:3)
  Josephine (D:11)
  7 death yaks
  A fire crab (Lair:3)
  Amaemon (D:11)
  A bog body (Lair:2)
  Pikel (D:8)
  A deep elf pyromancer (D:11)
  A harpy (Lair:3)
  11 elephants (Lair:4)
  3 black mambas
  8 cane toads
  An orange demon (D:11)
  3 rime drakes
  Jeremiah (D:6)
  4 komodo dragons
  3 trolls
  A polar bear (Lair:3)
  A hornet (D:11)
  3 blink frogs (Lair:5)
  A blink frog (shapeshifter) (Lair:3)
  A flying skull (D:7)
  6 wyverns
  4 basilisks
  52 yaks
  3 steam dragons (D:8)
  3 wraiths
  Menkaure (D:6)
  5 water moccasins
  2 acid dragons
  Duvessa (D:6)
  13 orc warriors
  2 sky beasts (D:7)
  2 ogres
  7 wolves (Lair:1)
  3 centaurs
  A lemure (D:8)
  12 bullfrogs
  A kobold brigand (D:10)
  An elf zombie (D:7)
  2 scorpions
  9 wights
  Dowan (D:6)
  16 killer bees
  7 howler monkeys
  5 electric eels
  A centaur zombie (D:7)
  5 hounds
  6 orc priests
  4 jellies
  A gnoll bouda (D:8)
  4 scorpion zombies (D:7)
  3 sleepcaps
  3 iguanas
  Natasha (D:4)
  11 orc wizards
  3 killer bee zombies (D:7)
  3 hound zombies (D:7)
  Robin (D:4)
  A howler monkey zombie (D:7)
  10 gnolls
  8 adders
  3 shadow imps
  3 ufetubi
  An adder zombie (D:7)
  A worm (D:4)
  3 dart slugs
  46 orcs
  12 endoplasms
  5 giant cockroaches
  14 hobgoblins
  A jackal (D:4)
  2 quokkas
  3 ball pythons
  5 bats
  5 frilled lizards
  18 goblins
  11 kobolds
  26 rats
441 creatures vanquished.

Vanquished Creatures (collateral kills)
  2 death yaks (Lair:2)
  An elephant (Lair:4)
  A gargoyle (D:11)
  A komodo dragon (Lair:5)
  Sigmund (D:6)
  A wraith (D:11)
  3 yaks (Lair:5)
  A steam dragon (D:6)
  A black bear (D:6)
  A wight (D:6)
  A hound (D:6)
  An iguana (D:6)
  An orc wizard (D:6)
  A gnoll (D:3)
  An ufetubus (D:6)
  2 orcs (D:6)
  A bat (D:3)
21 creatures vanquished.

Vanquished Creatures (others)
  An unseen horror (D:13)
  6 orcs (Bailey)
  A goblin (D:4)
8 creatures vanquished.

Grand Total: 470 creatures vanquished

Notes
Turn   | Place    | Note
-------+----------+-------------------------------------------
     0 | D:1      | Xavori the Octopode Chaos Knight began the quest for the
                  | Orb.
     0 | D:1      | Reached XP level 1. HP: 16/16 MP: 1/1
    59 | D:1      | Reached XP level 2. HP: 15/21 MP: 2/2
    77 | D:1      | XOM: silly message
   265 | D:1      | Reached XP level 3. HP: 19/26 MP: 3/3
   295 | D:1      | XOM: silly message
   335 | D:1      | XOM: 2-stop teleportation journey
  1279 | D:1      | XOM is BORED!
  1279 | D:1      | XOM: give mutation
  1279 | D:1      | Gained mutation: Your mind is acute. (Int +4, Str/Dex -1)
                  | [Xom's mischief]
  2217 | D:1      | XOM: god gift: morningstar {god gift}
  2619 | D:1      | XOM: silly message
  2652 | D:1      | XOM: silly message
  2775 | D:1      | XOM: noise
  2920 | D:1      | XOM: god gift: 30 gold pieces
  2957 | D:1      | XOM: scenery: create altars
  3822 | D:1      | XOM: divination: detect creatures
  3962 | D:1      | XOM: scenery: summon butterflies
  4056 | D:1      | XOM: divination: detect items
  4116 | D:1      | XOM: scenery: summon butterflies
  4144 | D:1      | XOM: give mutation
  4144 | D:1      | Gained mutation: Your mind is very acute. (Int +8, Str/Dex
                  | -2) [Xom's grace]
  4316 | D:1      | XOM: god gift: 15 gold pieces
  4573 | D:1      | XOM: god gift: orb of light
  4896 | D:1      | XOM: god gift: +5 ring of evasion
  4994 | D:1      | XOM: scenery: create altars
  5395 | D:1      | XOM: god gift: sling {god gift}
  6258 | D:1      | XOM is BORED!
  6258 | D:1      | XOM: give mutation
  6258 | D:1      | Gained mutation: You are clumsy. (Dex -2) [Xom's mischief]
  6376 | D:1      | XOM: scenery: summon butterflies
  6751 | D:1      | XOM: give mutation
  6751 | D:1      | Gained mutation: You possess an exceptional clarity of
                  | mind. [Xom's grace]
  8008 | D:1      | XOM: scenery: summon butterflies
  8157 | D:1      | XOM: cloud trail
  8605 | D:1      | XOM: divination: magic mapping
  9492 | D:1      | XOM: give mutation
  9492 | D:1      | Lost mutation: You are clumsy. (Dex -2) [Xom's mischief]
  9923 | D:1      | XOM: give mutations
  9923 | D:1      | Gained mutation: You have hidden genetic potential. [Xom's
                  | grace]
  9923 | D:1      | Gained mutation: You are partially covered in iridescent
                  | scales. (AC +2) [Xom's grace]
  9923 | D:1      | Gained mutation: Your system is resistant to poisons.
                  | (rPois) [Xom's grace]
  9923 | D:1      | Gained mutation: Your flesh is cold resistant. (rC+) [Xom's
                  | grace]
 10066 | D:2      | Reached skill level 1 in Stealth
 10364 | D:2      | XOM: 1-stop teleportation journey
 10379 | D:2      | Reached skill level 2 in Stealth
 10379 | D:2      | Reached XP level 4. HP: 29/31 MP: 4/4
 10735 | D:2      | Gained mutation: You passively map a small area around you.
                  | [hidden potential]
 10799 | D:3      | Noticed Ijyb
 10804 | D:3      | Ijyb changed into Ijyb the iguana
 10804 | D:3      | Noticed Ijyb
 10804 | D:3      | XOM: polymorph Ijyb -> Ijyb the iguana
 10805 | D:3      | Killed Ijyb the iguana
 10806 | D:3      | Reached skill level 3 in Stealth
 10875 | D:3      | Reached XP level 5. HP: 35/36 MP: 5/5
 10880 | D:3      | Identified the +1 buckler of Peek-a-Boo {rF+ rN+ Regen+}
 10894 | D:3      | XOM: summons 3 friendly demons
 10907 | D:3      | Reached skill level 4 in Stealth
 10921 | D:3      | Gained mutation: You passively map the area around you.
                  | [hidden potential]
 10921 | D:3      | Lost mutation: You have hidden genetic potential. [hidden
                  | potential expressed]
 11205 | D:3      | Reached skill level 1 in Evocations
 11289 | D:3      | XOM: give mutation
 11289 | D:3      | Gained mutation: You are strong-willed. (Will+) [Xom's
                  | grace]
 11465 | D:3      | Noticed a water moccasin
 11478 | D:3      | Killed a water moccasin
 11479 | D:3      | Reached skill level 5 in Stealth
 11479 | D:3      | Reached XP level 6. HP: 34/43 MP: 6/6
 11556 | D:3      | XOM: 2-stop teleportation journey
 11647 | D:4      | Identified the +9 spear of the Singing Gods {freeze, Will+
                  | Dex+2}
 11705 | D:4      | Found Eguring's General Store.
 11855 | D:4      | Noticed Natasha
 11857 | D:4      | Found a staircase to the Ecumenical Temple.
 11857 | D:4      | XOM: confuse monster(s)
 11862 | D:4      | Killed Natasha
 11863 | D:4      | Reached XP level 7. HP: 47/47 MP: 7/7
 11982 | D:4      | XOM: 7-stop teleportation journey
 12007 | D:4      | Noticed Robin
 12029 | D:4      | Killed Robin
 12071 | D:4      | XOM: scenery: create altars
 12108 | D:4      | Noticed Natasha
 12108 | D:4      | XOM: 7-stop teleportation journey
 12142 | D:4      | XOM: give mutations
 12142 | D:4      | Gained mutation: Your flesh is heat resistant. (rF+) [Xom's
                  | grace]
 12142 | D:4      | Gained mutation: You are somewhat resistant to further
                  | mutation. [Xom's grace]
 12142 | D:4      | Gained mutation: You are robust. (+10% HP) [Xom's grace]
 12315 | D:4      | XOM is BORED!
 12315 | D:4      | XOM: torment (30/51 hp)
 12481 | D:5      | Entered Level 5 of the Dungeon
 12491 | D:5      | Reached skill level 5 in Short Blades
 12537 | D:5      | XOM: god gift: +2 quick blade of electrocution
 12544 | D:5      | Reached skill level 1 in Shields
 12738 | D:5      | Reached skill level 6 in Stealth
 12786 | D:5      | XOM: 6-stop teleportation journey
 12846 | D:5      | XOM: give mutations
 12846 | D:5      | Gained mutation: You have very sharp teeth. [Xom's grace]
 12846 | D:5      | Gained mutation: You are agile. (Dex +4, Str/Int -1) [Xom's
                  | grace]
 12846 | D:5      | Gained mutation: You are very agile. (Dex +8, Str/Int -2)
                  | [Xom's grace]
 12846 | D:5      | Gained mutation: Your muscles are strong. (Str +4, Int/Dex
                  | -1) [Xom's grace]
 12908 | D:5      | XOM is BORED!
 12908 | D:5      | XOM: stat loss: -3 Dex (15/18)
 13453 | D:6      | Reached XP level 8. HP: 58/59 MP: 8/8
 13459 | D:6      | XOM: summons 8 friendly demons
 13474 | D:6      | Reached skill level 7 in Stealth
 13492 | D:6      | XOM: noise
 13555 | D:6      | XOM: summons friendly ufetubus
 13568 | D:6      | Noticed Sigmund
 13573 | D:6      | Killed Sigmund
 13574 | D:6      | Reached XP level 9. HP: 64/64 MP: 9/9
 13661 | D:6      | Noticed Duvessa
 13661 | D:6      | Noticed Dowan
 13667 | D:6      | Killed Duvessa
 13669 | D:6      | Killed Dowan
 13670 | D:6      | Reached skill level 5 in Dodging
 13757 | D:6      | Reached skill level 5 in Fighting
 13757 | D:6      | Reached skill level 5 in Evocations
 13757 | D:6      | Identified a scroll of acquirement
 13758 | D:6      | Acquired a +2 kite shield of protection
 13840 | D:6      | Noticed Menkaure
 13841 | D:6      | XOM: cleaving
 13845 | D:6      | Killed Menkaure
 13957 | D:6      | Noticed Jeremiah
 13969 | D:6      | Reached skill level 8 in Stealth
 13976 | D:6      | Killed Jeremiah
 14392 | D:7      | XOM: cast spell 'Summon Ice Beast'
 14404 | D:7      | Reached skill level 9 in Stealth
 14465 | D:7      | Reached XP level 10. HP: 72/72 MP: 10/10
 14495 | D:7      | Found an ancient bone altar of Kikubaaqudgha.
 14495 | D:7      | Identified the ring of Hanocren {rPois Dex+3}
 14503 | D:7      | Identified the +7 ice dragon scales "Noanocoe" {+Blink
                  | rElec rPois rF- rC++ Regen+}
 14607 | D:7      | XOM: god gift: orb of energy
 14779 | D:7      | XOM: give mutation
 14779 | D:7      | Gained mutation: You have supernaturally acute eyesight.
                  | (SInv) [Xom's grace]
 14826 | D:7      | Found a transporter.
 14832 | D:7      | Noticed a red ugly thing
 14836 | D:7      | Found a transporter.
 14836 | D:7      | Found a one-way gate to the infinite horrors of the Abyss.
 14841 | D:7      | Noticed Shayle's ghost (novice DsEn)
 15036 | D:8      | Noticed Pikel
 15039 | D:8      | XOM: scenery: create altars
 15041 | D:8      | XOM: divination: magic mapping
 15047 | D:8      | Killed Pikel
 15048 | D:8      | Reached skill level 10 in Stealth
 15130 | D:8      | XOM: god gift: 2 purple potions {god gift}
 15199 | D:8      | XOM: give mutation
 15199 | D:8      | Lost mutation: Your muscles are strong. (Str +4, Int/Dex
                  | -1) [Xom's mischief]
 15231 | D:8      | Found Mupsac's Tremendous Tomes.
 15242 | D:8      | Identified the +2 leather armour "Penu" {rPois rN+ Int+6}
 15276 | D:8      | XOM: summons 4 hostile demons
 15500 | D:8      | Reached skill level 11 in Stealth
 15765 | D:8      | Found a stormy altar of Qazlal.
 15771 | D:8      | Found a broken altar of Ashenzari.
 15778 | D:8      | Found a white marble altar of Elyvilon.
 15789 | D:8      | Acquired 476 gold pieces
 15888 | D:9      | Found a basalt altar of Yredelemnul.
 15935 | D:9      | XOM: noise
 15981 | D:9      | XOM: 1-stop teleportation journey
 15993 | D:9      | Found a flagged portal.
 15998 | D:9      | XOM: blink monster(s)
 16009 | D:9      | Reached skill level 1 in Shapeshifting
 16018 | D:9      | Reached XP level 11. HP: 73/79 MP: 11/11
 16027 | Bailey   | Entered a bailey
 16048 | Bailey   | XOM: noise
 16074 | Bailey   | XOM: give mutations
 16074 | Bailey   | Lost mutation: You are strong-willed. (Will+) [Xom's
                  | mischief]
 16074 | Bailey   | Lost mutation: You possess an exceptional clarity of mind.
                  | [Xom's mischief]
 16074 | Bailey   | Lost mutation: Your system is resistant to poisons. (rPois)
                  | [Xom's mischief]
 16074 | Bailey   | Lost mutation: Your flesh is cold resistant. (rC+) [Xom's
                  | mischief]
 16156 | Bailey   | XOM: cloud trail
 16157 | Bailey   | XOM: divination: detect creatures
 16181 | Bailey   | XOM: destruction
 16634 | D:9      | Found Jemet's Antique Weapon Boutique.
 16771 | D:10     | Entered Level 10 of the Dungeon
 16772 | D:10     | Noticed an orange crystal statue
 16818 | D:10     | XOM: divination: detect items
 16872 | D:10     | Identified the +10 flail "Larischewia" {protect, rC+}
 16944 | D:10     | XOM: cast spell 'Summon Horrible Things'
 17225 | D:10     | XOM is BORED!
 17225 | D:10     | XOM: summons 5 hostile demons
 17455 | D:10     | XOM: confusion
 17561 | D:10     | XOM: silly message
 17564 | D:10     | XOM: potion effect (magic)
 17806 | D:10     | XOM: potion effect (might)
 17831 | D:11     | Found a staircase to the Lair.
 17849 | D:11     | Reached skill level 12 in Stealth
 17925 | D:11     | XOM: silly message
 17964 | D:11     | Noticed Amaemon
 17981 | D:11     | Killed Amaemon
 17982 | D:11     | Reached skill level 5 in Shields
 18059 | D:11     | Found a staircase to the Orcish Mines.
 18081 | D:11     | Noticed Josephine
 18093 | D:11     | Killed Josephine
 18274 | D:11     | You fall into a shaft and drop 3 floors!
 18281 | D:14     | Noticed a cyan ugly thing
 18281 | D:14     | Noticed a cyan ugly thing
 18281 | D:14     | Noticed a cyan ugly thing
 18284 | D:14     | Noticed a cyclops
 18285 | D:14     | Noticed a cyan ugly thing
 18291 | D:13     | Noticed a centaur warrior
 18291 | D:13     | Noticed a boulder beetle
 18296 | D:13     | XOM: smoke on damage
 18298 | D:13     | XOM: noise
 18461 | D:11     | Noticed a deep elf pyromancer
 18463 | D:11     | Killed a deep elf pyromancer
 18522 | D:11     | XOM: give mutations
 18522 | D:11     | Gained mutation: You passively map a large area around you.
                  | [Xom's grace]
 18522 | D:11     | Gained mutation: You are mostly covered in iridescent
                  | scales. (AC +4) [Xom's grace]
 18643 | D:11     | XOM: 10-stop teleportation journey
 18785 | D:11     | XOM: god gift: glowing dire flail {god gift}
 18810 | D:11     | XOM: god gift: 9 stones
 18985 | D:11     | XOM: give mutations
 18985 | D:11     | Gained mutation: You expend magic power (3 MP) to
                  | strengthen your wands. [Xom's grace]
 18985 | D:11     | Gained mutation: You are completely covered in iridescent
                  | scales. (AC +6) [Xom's grace]
 19032 | Lair:1   | Entered Level 1 of the Lair of Beasts
 19041 | Lair:1   | XOM: smoke on damage
 19047 | Lair:1   | Reached XP level 12. HP: 36/88 MP: 12/12
 19416 | Lair:1   | XOM: polymorph wolf -> hound
 19445 | Lair:1   | XOM: enchant monster (bad)
 19467 | Lair:1   | XOM: snakes to sticks
 19473 | Lair:1   | Reached skill level 10 in Short Blades
 19496 | Lair:1   | Reached skill level 13 in Stealth
 19737 | Lair:1   | XOM: cleaving
 19798 | Lair:1   | XOM: scenery: create altars
 20119 | Lair:1   | XOM: silly message
 20130 | Lair:1   | XOM: silly message
 20291 | Lair:1   | XOM: summons 1 hostile shadow creature
 20350 | Lair:2   | Found a hole to the Spider Nest.
 20351 | Lair:2   | XOM: confuse monster(s)
 20401 | Lair:2   | Reached skill level 5 in Shapeshifting
 20436 | Lair:2   | Noticed a death yak
 20438 | Lair:2   | Noticed a death yak
 20438 | Lair:2   | Noticed a death yak
 20440 | Lair:2   | a death yak changed into a dire elephant
 20440 | Lair:2   | Noticed a dire elephant
 20440 | Lair:2   | XOM: polymorph death yak -> dire elephant
 20458 | Lair:2   | XOM: 1-stop teleportation journey
 20464 | Lair:2   | Noticed a death yak
 20470 | Lair:2   | XOM: divination: detect items
 20471 | Lair:2   | XOM: confuse monster(s)
 20473 | Lair:2   | Killed a death yak
 20476 | Lair:2   | XOM: cast spell 'Monstrous Menagerie'
 20480 | Lair:2   | Killed a death yak
 20481 | Lair:2   | Killed a death yak
 20501 | Lair:2   | Reached XP level 13. HP: 75/94 MP: 13/13
 20634 | Lair:2   | Reached skill level 14 in Stealth
 20726 | Lair:2   | XOM: confusion
 20727 | Lair:2   | XOM: confusion
 20745 | Lair:2   | Killed a dire elephant
 20746 | Lair:2   | Reached skill level 10 in Evocations
 20816 | Lair:2   | Found a staircase to the Swamp.
 20945 | Lair:2   | Identified the +4 hand axe "Karifock" {vamp, Int+3}
 21458 | Lair:3   | XOM: silly message
 21550 | Lair:3   | Noticed Rupert
 21577 | Lair:3   | Rupert changed into Rupert the shapeshifter
 21577 | Lair:3   | XOM: polymorph Rupert -> Rupert the shapeshifter
 21583 | Lair:3   | Noticed Gastronok
 21588 | Lair:3   | XOM: swap monsters
 21596 | Lair:3   | Killed Gastronok
 21729 | Lair:3   | XOM: 1-stop teleportation journey
 21733 | Lair:3   | XOM: polymorph komodo dragon -> harpy
 21771 | Lair:3   | XOM: destruction
 21812 | Lair:3   | Noticed Snorg
 21819 | Lair:3   | XOM: butterfly on damage
 21820 | Lair:3   | XOM: cleaving
 21821 | Lair:3   | Killed Snorg
 21846 | Lair:3   | XOM: summons 1 hostile demon
 22043 | Lair:3   | XOM: 1-stop teleportation journey
 22136 | Lair:3   | XOM: summons 1 hostile demon
 22217 | Lair:3   | XOM: summons 3 hostile shadow creatures
 22435 | Lair:3   | XOM: give mutations
 22435 | Lair:3   | Lost mutation: Your mind is very acute. (Int +8, Str/Dex
                  | -2) [Xom's mischief]
 22435 | Lair:3   | Lost mutation: You have supernaturally acute eyesight.
                  | (SInv) [Xom's mischief]
 22435 | Lair:3   | Lost mutation: You are completely covered in iridescent
                  | scales. (AC +6) [Xom's mischief]
 22496 | Lair:3   | XOM: give mutation
 22496 | Lair:3   | Lost mutation: You are mostly covered in iridescent scales.
                  | (AC +4) [Xom's mischief]
 22561 | Lair:3   | XOM: give mutations
 22561 | Lair:3   | Lost mutation: You passively map a large area around you.
                  | [Xom's mischief]
 22561 | Lair:3   | Lost mutation: You are partially covered in iridescent
                  | scales. (AC +2) [Xom's mischief]
 22561 | Lair:3   | Gained mutation: Your magical capacity is low. (-10% MP)
                  | [Xom's mischief]
 22561 | Lair:3   | Gained mutation: You are weak. (Str -2) [Xom's mischief]
 22663 | Lair:4   | XOM: enchant monster (good)
 22673 | Lair:4   | XOM: 5-stop teleportation journey
 22817 | Lair:4   | XOM: summons friendly iron imp
 22823 | Lair:4   | XOM: polymorph iron imp -> shadow imp
 23042 | Lair:4   | XOM: cleaving
 23051 | Lair:4   | XOM: summons 4 hostile shadow creatures
 23075 | Lair:4   | Reached skill level 15 in Stealth
 23227 | Lair:4   | XOM: cloud trail
 23234 | Lair:4   | XOM: god gift: 44 gold pieces
 23640 | Lair:4   | XOM: cloud trail
 23647 | Lair:5   | Entered Level 5 of the Lair of Beasts
 23649 | Lair:5   | Reached XP level 14. HP: 102/102 MP: 12/12
 23887 | Lair:5   | XOM: summons 4 friendly demons
 23894 | Lair:5   | XOM: fog
 23949 | Lair:5   | XOM: cast spell 'Olgreb's Toxic Radiance'
 23958 | Lair:5   | XOM: summons friendly ufetubus
 23963 | Lair:5   | XOM: chaos cloud
 23973 | Lair:5   | Slain by a death yak

Illustrated notes

Levels and vault maps discovered:
D:1:      dpeg_arrival_tiny_d, layout_loops_ring
D:2:      layout_basic, grunt_ministairs_11, guppyfry_early_lair_pool
D:3:      layout_basic, uniq_crazy_yiuf_cottage, uniq_ijyb
D:4:      minmay_recursive_quarters, layout_loops_ring,
          minmay_temple_entry_slanted, serial_shops,
          nicolae_shop_temple_entry_statues_fountains, minmay_rat_hole,
          uniq_robin, uniq_natasha
D:5:      layout_basic
D:6:      kennysheep_six_static_rooms, layout_cave_pools, serial_column_ruins,
          column_ruins_hut_pillars, column_ruins_hut_ruined,
          column_ruins_corridor_plus, column_ruins_corridor_straight,
          column_ruins_corridor_dead_end, column_ruins_open_medium,
          column_ruins_open_tiny, column_ruins_open_tiny, column_ruins_grid_3,
          uniq_menkaure, uniq_sigmund, uniq_jeremiah, uniq_duvessa
D:7:      layout_basic, gammafunk_ghost_abyssal_escape,
          roadster_capsule_ark_zombie
D:8:      layout_basic, minmay_overflow_temple_star_quad,
          nicolae_shop_i_like_big_books, chequers_serial_rivers_room_b,
          uniq_pikel
D:9:      layout_roguey, mainiacjoe_overflow_chevrons, serial_shops,
          nicolae_shop_overgrown_old_shop, enter_bailey_2, minivault_22,
          hex_medium
D:10:     layout_loops_ring, disabler_island
D:11:     layout_loops_ring, dpeg_oklobed_lair, orc_0_dummy, solitary_fountain,
          uniq_amaemon, uniq_josephine
D:12:     kennysheep_four_of_diamonds, layout_loops_corners
D:13:     minmay_isolated_rectangles_in_corner, layout_gridville
D:14:     layout_basic, erik_vaults_2, ashenzari_conservatory_becter,
          uniq_roxanne
Lair:1:   layout_gridlike
Lair:2:   layout_hall_layers, nicolae_swamp_entry_splash_gauntlet,
          dummy_spider_entry, serial_bayou_lagoon_b
Lair:3:   layout_concentric_octagons, serial_bayou_shore_a, lemuel_fruit_fields,
          grunt_megastairs_4, serial_bayou_shore_b, uniq_gastronok, uniq_snorg,
          uniq_rupert
Lair:4:   layout_gridlike
Lair:5:   evil_forest, layout_cave_shapes, slime_entry_1

Skill      XL: |  1  2  3  4  5  6  7  8  9 10 11 12 13 14 |
---------------+-------------------------------------------+-----
Stealth        | 2 3 5 6 7 9 11 12 13 15 | 15.3
Short Blades   | 4 5 6 8 9 10 11 | 11.7
Dodging        | 3 4 5 6 7 8 9 |  9.3
Evocations     | 1 2 3 4 6 7 8 9 10 11 | 11.0
Fighting       | 4 5 6 7 |  7.9
Shields        | 1 2 4 5 6 7 |  7.8
Shapeshifting  | 1 3 5 6 7 |  7.0

Action                     |  1- 3 |  4- 6 |  7- 9 | 10-12 | 13-15 || total
---------------------------+-------+-------+-------+-------+-------++-------
  Melee: Short sword       |    87 |    24 |       |       |       ||   111
         Constrict         |    19 |    26 |    51 |    84 |    30 ||   210
         Tentacles         |    14 |    25 |    63 |   207 |   140 ||   449
         Punch             |     1 |     1 |     4 |    14 |     7 ||    27
         Rapier            |       |    87 |   112 |       |       ||   199
         Quick blade       |       |       |   155 |   660 |   454 ||  1269
         Dagger            |       |       |     7 |       |       ||     7
         Bite              |       |       |    19 |   124 |    80 ||   223
  Evoke: Wand              |       |       |       |     4 |     9 ||    13
    Use: Scroll            |       |     2 |     4 |    17 |     4 ||    27
         Potion            |       |       |       |     2 |       ||     2
   Stab: Sleeping          |    10 |    13 |    14 |    36 |    12 ||    85
         Distracted        |       |       |     2 |     3 |     1 ||     6
         Confused          |       |       |       |     6 |     2 ||     8
 Armour: Skin              |    24 |    28 |   112 |   106 |    80 ||   350
  Dodge: Dodged            |    37 |    83 |   126 |   241 |   127 ||   614
  Block: Buckler           |       |    18 |    28 |       |       ||    46
         Kite shield       |       |       |    20 |   224 |   135 ||   379

Table legend: (Time is in decaauts)
 A = Elapsed time spent in this place.
 B = Non-inter-level travel time spent in this place.
 C = Inter-level travel time spent in this place.
 D = Time resting spent in this place.
 E = Time spent auto-exploring this place.
 F = Levels seen in this place.
 G = Mean time per level.
                   A        B        C        D        E       F      G
               +--------+--------+--------+--------+--------+-----+--------+
         Total |  23912 |  23468 |    444 |  10446 |  10231 |  20 | 1195.6 |
       Dungeon |  18716 |  18428 |    288 |   9737 |   6928 |  14 | 1336.9 |
          Lair |   4756 |   4600 |    156 |    553 |   3152 |   5 |  951.2 |
        Bailey |    438 |    438 |      0 |    156 |    151 |   1 |  438.0 |
               +--------+--------+--------+--------+--------+-----+--------+

Top non-repeatable levels by time:
     D:1: 9913 daAuts
  Lair:3: 1329 daAuts
  Lair:4: 1225 daAuts
    D:11: 1168 daAuts
  Lair:1: 1165 daAuts
    D:10: 1051 daAuts
  Lair:2: 934 daAuts
     D:8: 919 daAuts
     D:5: 896 daAuts
     D:4: 893 daAuts
     D:6: 851 daAuts
     D:2: 849 daAuts
     D:3: 809 daAuts
     D:7: 682 daAuts
     D:9: 495 daAuts
